 Seeded DCSS version 0.30.1-11-g7821555f0a (webtiles) character file.

Game seed: 3188702928422607917 (custom seed)

264986 Hubris850 the Tortoise (level 19, -22/177 HPs)
             Began as a Minotaur Fighter on Nov 28, 2023.
             Was the Champion of the Shining One.
             Annihilated by a vault warden
             ... wielding a +3 glaive of venom
              (34 damage)
             ... on level 2 of the Vaults.
             The game lasted 01:42:18 (30842 turns).

Hubris850 the Tortoise (Minotaur Fighter)          Turns: 30842, Time: 01:42:18

Health: -22/177    AC: 42    Str: 31    XL:     19   Next: 29%
Magic:  26/30      EV: 14    Int: 13    God:    the Shining One [******]
Gold:   2243       SH: 18    Dex: 12    Spells: 18/18 levels left

rFire   + + +        G - +9 lance "Wyrmbane" {slay drac, rPois rF+ rC+ AC+3}
rCold   + + .        I - +4 kite shield {rF+}
rNeg    + + +        A - +9 scales of the Dragon King {rPois rF+ rC+ Will+}
rPois   +            X - +2 hat
rElec   .            (no cloak)
rCorr   +            B - +1 pair of gloves
SInv    .            P - +2 pair of boots
Will    ++...        f - amulet of Ewnozoed {Acrobat Fly Regen+ rCorr Int+6} Stlth
                     g - +5 ring of evasion
HPRegen 1.29/turn    o - +6 ring of strength
MPRegen 0.22/turn

%: acrobat
@: marked, flying, glowing
A: horns 2, retaliatory headbutt
}: 2/15 runes: decaying, gossamer
a: Renounce Religion, Divine Shield, Cleansing Flame, Summon Divine Warrior,
Brand Weapon With Holy Wrath


You were on level 2 of the Vaults.
You worshipped the Shining One.
The Shining One was exalted by your worship.
You visited 6 branches of the dungeon, and saw 32 of its levels.

You collected 3217 gold pieces.
You spent 974 gold pieces at shops.

Inventory:

Hand Weapons
 p - a +3 sling of flaming
 G - the +9 lance "Wyrmbane" (weapon) {slay drac, rPois rF+ rC+ AC+3}
   (You found it on level 7 of the Dungeon)

   AC:        It affects your AC (+3).
   rF:        It protects you from fire.
   rC:        It protects you from cold.
   rPois:     It protects you from poison.
Missiles
 d - 5 curare-tipped darts
 i - 87 poisoned darts
 y - 2 silver javelins
 S - 8 javelins
 T - 3 datura-tipped darts
 V - 15 boomerangs (quivered)
 W - 9 atropa-tipped darts
Armour
 A - the +9 scales of the Dragon King (worn) {rPois rF+ rC+ Will+}
   (You found it on level 5 of the Dungeon)

   rF:        It protects you from fire.
   rC:        It protects you from cold.
   rPois:     It protects you from poison.
   Will:      It increases your willpower.
 B - a +1 pair of gloves (worn)
 I - a +4 kite shield of fire resistance (worn)
 P - a +2 pair of boots (worn)
 X - a +2 hat (worn)
Jewellery
 e - a ring of fire
 f - the amulet of Ewnozoed (around neck) {Acrobat Fly Regen+ rCorr Int+6}
   (You bought it in a shop on level 2 of the Orcish Mines)

   [amulet of the acrobat]

   It increases your evasion while moving and waiting.
   Int:       It affects your intelligence (+6).
   Fly:       It grants you flight.
   Regen:     It increases your rate of health regeneration.
   rCorr:     It protects you from acid and corrosion.
 g - a +5 ring of evasion (left hand)
 o - a +6 ring of strength (right hand)
 E - the amulet "Itocaf" {Faith rN+++ Str-5 Int+6 Dex+3}
   (You found it on level 1 of the Vaults)

   [amulet of faith]

   It allows you to gain divine favour quickly.
   Str:       It affects your strength (-5).
   Int:       It affects your intelligence (+6).
   Dex:       It affects your dexterity (+3).
   rN:        It renders you almost immune to negative energy.
Wands
 l - a wand of polymorph (8)
 q - a wand of mindburst (10)
 t - a wand of digging (14)
 M - a wand of paralysis (24)
 Q - a wand of flame (39)
 R - a wand of quicksilver (4)
 Y - a wand of roots (10)
Scrolls
 j - 4 scrolls of poison
 k - 11 scrolls of identify
 r - a scroll of brand weapon
 x - 2 scrolls of blinking
 z - 5 scrolls of magic mapping
 C - 17 scrolls of teleportation
 H - 3 scrolls of fog
 N - 3 scrolls of amnesia
 U - 3 scrolls of fear
 Z - 4 scrolls of summoning
Potions
 a - 2 potions of invisibility
 b - 2 potions of brilliance
 c - 5 potions of might
 h - 2 potions of haste
 n - 3 potions of magic
 s - 9 potions of curing
 u - a potion of flight
 w - 5 potions of resistance
 D - 2 potions of ambrosia
 K - 2 potions of cancellation
Miscellaneous
 v - a box of beasts
 L - a tin of tremorstones (2/2)


   Skills:
 + Level 17.2 Fighting
 - Level 14.0 Polearms
 - Level 14.0 Throwing
 - Level 17.6 Armour
 - Level 8.0 Dodging
 + Level 17.2 Shields
 - Level 16.0 Invocations
 - Level 9.0 Evocations


You had 18 spell levels left.
You didn't know any spells.
Your spell library contained the following spells:

 Spells                   Type           Power      Damage    Failure   Level
 Beastly Appendage        Tmut           0%         N/A       99%         1
 Freeze                   Ice            0%         1d3       99%         1
 Kiss of Death            Conj/Necr      0%         2d5       99%         1
 Magic Dart               Conj           0%         1d3       99%         1
 Slow                     Hex            0%         N/A       99%         1
 Sting                    Tmut/Pois      0%         1d3       99%         1
 Cigotuvi's Dreadful Rot  Necr/Pois/Air  0%         N/A       100%        2
 Ensorcelled Hibernation  Hex/Ice        0%         N/A       100%        2
 Passwall                 Tmut/Erth      0%         N/A       100%        2
 Poisonous Vapours        Pois/Air       0%         N/A       100%        2
 Scorch                   Fire           0%         2d5       100%        2
 Searing Ray              Conj           0%         2d4       100%        2
 Static Discharge         Conj/Air       0%         2-2/arc   100%        2
 Sublimation of Blood     Necr           0%         N/A       100%        2
 Wereblood                Tmut           0%         N/A       100%        2
 Confusing Touch          Hex            0%         N/A       100%        3
 Dazzling Flash           Conj/Hex       0%         N/A       100%        3
 Frozen Ramparts          Ice            0%         1d1       100%        3
 Gell's Gravitas          Tloc           0%         N/A       100%        3
 Hailstorm                Conj/Ice       0%         3d3       100%        3
 Ignite Poison            Fire/Tmut/Pois 0%         N/A       100%        3
 Inner Flame              Hex/Fire       0%         N/A       100%        3
 Ozocubu's Armour         Ice            0%         N/A       100%        3
 Spider Form              Tmut/Pois      0%         N/A       100%        3
 Swiftness                Air            0%         N/A       100%        3
 Teleport Other           Tloc           0%         N/A       100%        3
 Anguish                  Hex/Necr       0%         N/A       100%        4
 Animate Armour           Summ/Erth      0%         N/A       100%        4
 Dispel Undead            Necr           0%         3d6       100%        4
 Fulminant Prism          Conj/Hex       0%         3d5       100%        4
 Ice Form                 Ice/Tmut       0%         N/A       100%        4
 Olgreb's Toxic Radiance  Pois           0%         N/A       100%        4
 Petrify                  Tmut/Erth      0%         N/A       100%        4
 Summon Lightning Spire   Summ/Air       0%         N/A       100%        4
 Agony                    Necr           0%         N/A       100%        5
 Freezing Cloud           Conj/Ice/Air   0%         6-21      100%        5
 Irradiate                Conj/Tmut      0%         3d11      100%        5
 Silence                  Hex/Air        0%         N/A       100%        5
 Yara's Violent Unravell  Hex/Tmut       0%         3d3       100%        5
 Dispersal                Tloc           0%         N/A       100%        6
 Simulacrum               Ice/Necr       0%         N/A       100%        6
 Enfeeble                 Hex            0%         N/A       100%        7
 Ozocubu's Refrigeration  Ice            0%         4d7       100%        7
 Spellforged Servitor     Conj/Summ      0%         N/A       100%        7
 Storm Form               Tmut/Air       0%         N/A       100%        7
 Ignition                 Fire           0%         3d3       100%        8
 Lehudib's Crystal Spear  Conj/Erth      0%         10d2      100%        8
 Maxwell's Capacitive Co  Air            0%         ∞         100%        8


Dungeon Overview and Level Annotations

Branches:
Dungeon (15/15)            Temple (0/1) D:7            Lair (5/5) D:10
  Swamp (4/4) Lair:3       Spider (4/4) Lair:3        Slime (0/5) Lair:5
    Orc (2/2) D:9             Elf (0/3) Orc:2        Vaults (2/5) D:13
 Depths (0/4) D:15
  Crypt: Vaults:2-3

Altars:
Cheibriados
Fedhas
Gozag
Hepliaklqana
Qazlal
Xom
The Shining One
Jiyva
Lugonu

Shops:
D:5 ?   D:11 [   Orc:1 *   Orc:2 *=?[[   Vaults:1 !

Portals:
Abyss: Lair:5
Pandemonium: Orc:2

Annotations:
Lair:4 3 runed translucent doors, Necrya's ghost, journeyman KoBr
Spider:1 2 runed translucent doors, cowcol's ghost, journeyman MiFi


Innate Abilities, Weirdness & Mutations

You have a pair of horns on your head.
You reflexively headbutt those who attack you in melee.


Message History

Found 7 gold pieces, a plate armour and a leather armour.
You block the vault sentinel's attack.
The vault warden unwields a +0 arbalest.
The vault warden wields a +3 glaive of venom.
It begins to drip with poison!
The vault warden hits you but does no damage.
There is a large open door, spattered with blood here.
Items here: )) [[ †.
You puncture the vault warden!
The vault warden is lightly wounded.
You barely miss the vault warden.
The vault warden is lightly wounded.
The vault sentinel points at you and mumbles some strange words.
The mark upon you grows brighter.
The vault warden hits you with a +3 glaive of venom!!
* * * LOW HITPOINT WARNING * * *
You are lethally poisoned!
You hit the vault warden but do no damage.
You headbutt the vault warden, but do no damage.
The vault warden is lightly wounded.
* * * LOW HITPOINT WARNING * * *
You feel very sick. You block the vault sentinel's attack.
Unknown command.
You feel better.
The vault warden activates a sealing rune.
A door slams shut!
You are pushed out of the doorway!
The vault sentinel blows a loud note on a signal horn!
You block the vault warden's attack. You block the vault sentinel's attack.
You puncture the vault warden!
The vault warden is moderately wounded.
The vault warden hits you with a +3 glaive of venom!
* * * LOW HITPOINT WARNING * * *
You puncture the vault warden!
The vault warden is heavily wounded.
You block the vault sentinel's attack.
You puncture the vault warden! You headbutt the vault warden!
The vault warden is severely wounded.
The vault warden hits you with a +3 glaive of venom!!
You die...

### #### #..###$[#
#......$# ###########
#.......####.........#
#.)###.p#)##.........#
#.!#y#@p+.##........##
#.?###.)+.+.........#
#......[###........##
#......?###........#
#..###)[##..[)....##
### #####..<.....#
#.......## #.....>.:#
#.......##


You could see a vault warden (strong), a ghost moth (invisible) and a vault
sentinel (catching breath).

Vanquished Creatures
  Saint Roka (Vaults:1)
  Mlioglotl (Swamp:3)
  An acid blob (Spider:3)
  A thorn hunter (Swamp:4)
  A fenstrider witch (Swamp:4)
  4 vault wardens
  3 emperor scorpions
  4 ghost moths
  An orc warlord (D:13)
  3 broodmothers
  The ghost of Hipugo the Destroyer, a journeyman DgCj (Spider:2)
  9 ironbound preservers
  2 stone giants
  A dire elephant (Vaults:2)
  5 spark wasps
  4 eleionomae
  6 bunyips
  Snorg (Lair:3)
  4 ettins
  3 yaktaur captains (Vaults:1)
  Josephine (Lair:3)
  4 vault guards (Vaults:1)
  Harold (Lair:1)
  A rakshasa (D:15)
  2 great orbs of eyes (Vaults:1)
  6 entropy weavers
  Erolcha (Orc:1)
  2 ogre magi
  17 hydras
  14 centaur warriors
  A jorogumo (Spider:3)
  4 ironbound frosthearts (Vaults:1)
  3 boulder beetles
  A catoblepas (Lair:5)
  A ghost crab (Swamp:2)
  Erica (D:11)
  2 death knights
  A demonspawn (Orc:2)
  3 tengu warriors
  7 two-headed ogres
  A shock serpent (shapeshifter) (D:15)
  10 alligators
  2 spriggan berserkers (Swamp:4)
  2 deep troll earth magi
  6 orc high priests (Orc:2)
  Urug (Lair:1)
  2 thrashing horrors (Lair:5)
  13 spriggans
  2 skysharks
  A sun demon (Orc:2)
  9 goliath frogs
  5 pharaoh ants
  5 skeletal warriors
  A sun moth (Spider:3)
  8 bog bodies
  2 glowing orange brains
  20 deep trolls
  11 orb spiders
  5 spriggan druids
  15 swamp dragons
  9 lindwurms (Vaults:1)
  6 ironbound convokers (Vaults:1)
  6 orc knights
  5 wizards
  A harpy (D:7)
  2 deep elf pyromancers
  7 steelbarb worms
  An oklob plant (Spider:3)
  3 will-o-the-wisps
  A faun (shapeshifter) (D:15)
  19 cyclopes
  4 manticores
  5 orc sorcerers (Orc:2)
  21 ugly things
  23 wolf spiders
  9 elephants
  3 moths of wrath
  4 black mambas
  3 vault sentinels (Vaults:1)
  A smoke demon (Lair:5)
  5 cane toads
  4 centaur skeletons (D:13)
  3 torpor snails
  An orange demon (Orc:2)
  A gargoyle (D:11)
  An unseen horror (D:13)
  8 demonic crawlers
  An efreet (D:13)
  9 komodo dragons
  A rime drake (D:10)
  8 yaktaurs
  A freezing wraith (D:14)
  2 ancient zymes (Lair:5)
  A bloated husk (Swamp:4)
  A troll (shapeshifter) (Lair:5)
  3 tengu conjurers
  A queen bee (shapeshifter) (D:12)
  8 trolls
  10 hornets
  7 dream sheep (Lair:5)
  6 tyrant leeches
  33 tarantellas
  19 blink frogs
  8 slime creatures
  43 jumping spiders
  23 culicivoras
  Sigmund (D:4)
  8 wraiths
  3 shadows
  A vampire (D:13)
  4 ynoxinuls (Lair:5)
  12 yaks
  A basilisk (shapeshifter) (D:13)
  10 basilisks
  6 wyverns
  50 redbacks
  2 vampire mosquitoes (Swamp:1)
  Menkaure (D:4)
  10 acid dragons
  A steam dragon (Lair:2)
  12 swamp worms
  7 wargs
  2 large abominations (Lair:5)
  12 water moccasins
  15 swamp drakes
  27 orc warriors
  3 sky beasts (D:7)
  2 black bears (D:6)
  2 wolves (Orc:1)
  17 ogres
  A boggart (D:13)
  9 centaurs
  3 phantoms
  14 bullfrogs
  2 gnoll sergeants
  7 kobold brigands
  7 small abominations (Lair:5)
  3 scorpions
  A jelly (D:5)
  11 wights
  A hornet simulacrum (D:15)
  17 killer bees
  A howler monkey (D:11)
  10 electric eels
  2 hounds
  36 orc priests
  5 gnoll boudas
  A sleepcap (D:6)
  Ijyb (D:4)
  3 iguanas
  24 orc wizards
  Natasha (D:3)
  21 gnolls
  9 adders
  2 shadow imps
  An ufetubus (D:7)
  A worm (D:3)
  2 dart slugs
  72 orcs
  9 ball pythons
  6 endoplasms
  11 goblins
  11 hobgoblins
  7 jackals
  38 kobolds
  4 quokkas
  17 bats
  4 frilled lizards
  8 rats
1183 creatures vanquished.

Vanquished Creatures (collateral kills)
  A vault warden (Vaults:1)
  An ironbound preserver (Vaults:1)
  A very ugly thing (Vaults:2)
  2 yaktaur captains (Vaults:2)
  A vault guard (Vaults:1)
  6 deep trolls (Vaults:1)
  An ironbound convoker (Vaults:2)
  3 orb spiders (Spider:4)
  A vault sentinel (Vaults:2)
  A tarantella (Spider:4)
  A culicivora (Spider:4)
  A jumping spider (Spider:4)
  A redback (Spider:4)
21 creatures vanquished.

Vanquished Creatures (others)
  Asterion (Spider:4)
  A rakshasa (D:15)
  3 bloated husks
  23 foxfires
  2 starspawn tentacles (Swamp:3)
30 creatures vanquished.

Grand Total: 1234 creatures vanquished

Notes
Turn   | Place    | Note
-------+----------+-------------------------------------------
     0 | D:1      | Hubris850 the Minotaur Fighter began the quest for the Orb.
     0 | D:1      | Reached XP level 1. HP: 19/19 MP: 0/0
    31 | D:1      | Reached XP level 2. HP: 17/27 MP: 1/1
   122 | D:1      | Found a faded altar of an unknown god.
   368 | D:1      | Reached XP level 3. HP: 33/33 MP: 2/2
  1531 | D:2      | Found a glowing golden altar of the Shining One.
  1539 | D:2      | Became a worshipper of the Shining One
  1791 | D:3      | Reached XP level 4. HP: 40/40 MP: 3/3
  2426 | D:3      | Noticed Natasha
  2430 | D:3      | Killed Natasha
  2432 | D:3      | Reached XP level 5. HP: 47/47 MP: 4/4
  2651 | D:4      | Noticed Menkaure
  2658 | D:4      | Killed Menkaure
  2659 | D:4      | Reached skill level 5 in Fighting
  2659 | D:4      | Reached skill level 5 in Armour
  2659 | D:4      | Reached skill level 5 in Shields
  2815 | D:4      | Reached XP level 6. HP: 49/56 MP: 5/5
  2820 | D:4      | Reached skill level 5 in Polearms
  2949 | D:4      | Noticed Sigmund
  2957 | D:4      | Killed Sigmund
  3054 | D:4      | Noticed Ijyb
  3059 | D:4      | Killed Ijyb
  3072 | D:4      | Reached XP level 7. HP: 61/61 MP: 6/6
  3342 | D:4      | Found a shimmering altar of Xom.
  3345 | D:4      | Found a snail-covered altar of Cheibriados.
  3349 | D:4      | Found an opulent altar of Gozag.
  3492 | D:5      | Entered Level 5 of the Dungeon
  3701 | D:5      | You fall into a shaft and drop 2 floors!
  3704 | D:7      | Reached * piety under the Shining One
  3888 | D:7      | Reached XP level 8. HP: 68/68 MP: 7/7
  3923 | D:6      | Reached skill level 10 in Polearms
  4459 | D:5      | Found the +9 scales of the Dragon King {rPois rF+ rC+
                  | Will+}
  4577 | D:5      | Found Paachaysm's Magic Scroll Shoppe.
  5031 | D:6      | Reached ** piety under the Shining One
  5257 | D:6      | Reached XP level 9. HP: 74/74 MP: 8/8
  5640 | D:7      | Noticed Maggie
  5642 | D:7      | Maggie changed into Maggie the harpy
  5642 | D:7      | Noticed Maggie
  5646 | D:7      | Killed Maggie the harpy
  5826 | D:7      | Found a staircase to the Ecumenical Temple.
  5990 | D:8      | Found a stormy altar of Qazlal.
  6096 | D:8      | Reached XP level 10. HP: 81/81 MP: 9/9
  6114 | D:8      | Identified the +3 leather armour of Lagituy {rPois SInv}
  6329 | D:8      | Identified the +0 robe of Nuicesch {Drain rC+++ Will+
                  | Slay-4}
  6369 | D:8      | Reached *** piety under the Shining One
  6421 | D:8      | Found a hazy altar of Hepliaklqana.
  6577 | D:9      | Reached skill level 10 in Armour
  6621 | D:9      | Reached skill level 1 in Invocations
  6623 | D:9      | Reached skill level 1 in Evocations
  6886 | D:9      | Found a staircase to the Orcish Mines.
  7224 | D:10     | Entered Level 10 of the Dungeon
  7224 | D:10     | Noticed Sonja
  7225 | D:10     | Sonja changed into Sonja the rime drake
  7225 | D:10     | Noticed Sonja
  7230 | D:10     | Killed Sonja the rime drake
  7347 | D:10     | Reached skill level 5 in Invocations
  7442 | D:10     | Reached **** piety under the Shining One
  7443 | D:10     | Reached skill level 5 in Evocations
  7694 | D:10     | Found a blossoming altar of Fedhas.
  7870 | D:10     | Reached XP level 11. HP: 81/86 MP: 14/14
  7892 | D:10     | Found a staircase to the Lair.
  7939 | Lair:1   | Entered Level 1 of the Lair of Beasts
  8235 | Lair:1   | Noticed Harold
  8253 | Lair:1   | Killed Harold
  8419 | Lair:1   | Noticed Urug
  8437 | Lair:1   | Killed Urug
  8821 | Lair:2   | Reached skill level 10 in Invocations
  9346 | Lair:2   | Noticed an eight-headed hydra
  9355 | Lair:2   | Killed an eight-headed hydra
  9440 | Lair:3   | Noticed Josephine
  9490 | Lair:3   | Killed Josephine
  9491 | Lair:3   | Reached XP level 12. HP: 94/94 MP: 19/19
  9539 | Lair:3   | Found a hole to the Spider Nest.
  9640 | Lair:3   | Noticed Snorg
  9658 | Lair:3   | Killed Snorg
  9734 | Lair:3   | Found a staircase to the Swamp.
 10400 | Lair:4   | Noticed a five-headed hydra
 10403 | Lair:4   | Reached ***** piety under the Shining One
 10409 | Lair:4   | Killed a five-headed hydra
 10462 | Lair:4   | Found a runed translucent gate.
 10463 | Lair:4   | Found a runed translucent gate.
 10464 | Lair:4   | Found a runed translucent gate.
 10464 | Lair:4   | Noticed an acid blob
 10465 | Lair:4   | Noticed an acid blob
 11020 | Lair:4   | Noticed an acid blob
 11020 | Lair:4   | Noticed an azure jelly
 11021 | Lair:4   | Noticed Necrya's ghost (journeyman KoBr)
 11021 | Lair:4   | Noticed an acid blob
 11022 | Lair:4   | Noticed a rockslime
 11022 | Lair:4   | Noticed an azure jelly
 11022 | Lair:4   | Noticed an azure jelly
 11024 | Lair:4   | Found a viscous altar of Jiyva.
 11043 | Lair:5   | Entered Level 5 of the Lair of Beasts
 11184 | Lair:5   | Noticed a five-headed hydra
 11195 | Lair:5   | Killed a five-headed hydra
 11230 | Lair:5   | Noticed a boulder beetle
 11246 | Lair:5   | Killed a boulder beetle
 11339 | Lair:5   | Reached XP level 13. HP: 84/108 MP: 21/21
 11941 | Lair:5   | Found a corrupted altar of Lugonu.
 11941 | Lair:5   | Found a one-way gate to the infinite horrors of the Abyss.
 11997 | Lair:5   | Reached skill level 10 in Fighting
 11998 | Lair:5   | Reached skill level 10 in Shields
 12144 | Lair:5   | Found a staircase to the Slime Pits.
 13510 | Orc:1    | Entered Level 1 of the Orcish Mines
 13537 | Orc:1    | Noticed an ettin
 13547 | Orc:1    | Killed an ettin
 13554 | Orc:1    | Reached ****** piety under the Shining One
 13958 | Orc:1    | Noticed an ettin
 13970 | Orc:1    | Killed an ettin
 14090 | Orc:1    | Reached skill level 1 in Throwing
 14251 | Orc:1    | Reached XP level 14. HP: 110/124 MP: 22/22
 14309 | Orc:1    | Noticed a stone giant
 14333 | Orc:1    | Killed a stone giant
 14334 | Orc:1    | Reached skill level 5 in Throwing
 14443 | Orc:1    | Found the +10 morningstar "Eos" {elec, Halo rElec}
 14446 | Orc:1    | Identified the +2 hand axe "Taptawec" {venom, rF+ rCorr
                  | Str-5 Dex+4}
 14449 | Orc:1    | Identified the +2 glaive of Integrity {vamp, Fly rF- rC+
                  | Will+++}
 14688 | Orc:1    | Noticed Erolcha
 14696 | Orc:1    | Killed Erolcha
 14768 | Orc:1    | Found Xufozxim's Assorted Antiques.
 14779 | Orc:2    | Entered Level 2 of the Orcish Mines
 14814 | Orc:2    | Found Kyih's Armour Emporium.
 15068 | Orc:2    | Found a staircase to the Elven Halls.
 15186 | Orc:2    | Found Zalukuff's Magic Scroll Shoppe.
 15227 | Orc:2    | Found Gih Jeps's General Store.
 15558 | Orc:2    | Found Ynumnoog's Antique Armour Boutique.
 15558 | Orc:2    | Found Cyxki's Jewellery Shop.
 15562 | Orc:2    | Found a one-way gate leading to the halls of Pandemonium.
 16013 | Orc:2    | Bought the amulet of Ewnozoed {Acrobat Fly Regen+ rCorr
                  | Int+6} for 974 gold pieces
 16684 | D:11     | Found Qedeipau's Armour Emporium.
 16691 | D:11     | Reached skill level 10 in Throwing
 16756 | D:11     | Reached skill level 1 in Dodging
 16922 | D:11     | Noticed Erica
 16931 | D:11     | Killed Erica
 17788 | D:12     | Identified the ring of Kace {Wiz rF- rN++ rCorr Str-2
                  | Stlth+}
 17791 | D:12     | Identified the amulet of Demons {RegenMP rN+ Will+ Dex+2
                  | Slay-3}
 18152 | D:13     | Found a gate to the Vaults.
 18288 | D:13     | Reached XP level 15. HP: 123/132 MP: 23/23
 18694 | D:13     | Identified the +5 falchion of Qazlal's Wrath {freeze,
                  | Int+3}
 18826 | D:13     | Identified the +7 whip "Egoino" {holy, Fly rPois Stlth+}
 19463 | D:14     | Reached skill level 5 in Dodging
 19559 | D:14     | Reached skill level 15 in Armour
 20004 | D:14     | Got the Handbook of the Charming Volcano
 20347 | D:15     | Entered Level 15 of the Dungeon
 20824 | D:15     | Found a staircase to the Depths.
 21511 | Swamp:1  | Entered Level 1 of the Swamp
 21526 | Swamp:1  | Reached XP level 16. HP: 145/145 MP: 24/24
 22674 | Swamp:3  | Identified the +0 leather armour of the Lost Path {rC-
                  | rCorr Int+4 Dex+2}
 22772 | Swamp:3  | Noticed Mlioglotl
 22777 | Swamp:3  | Noticed a tentacled starspawn
 22790 | Swamp:3  | Killed Mlioglotl
 23240 | Swamp:4  | Entered Level 4 of the Swamp
 23750 | Swamp:4  | Noticed a thorn hunter
 23761 | Swamp:4  | Killed a thorn hunter
 23799 | Swamp:4  | Reached XP level 17. HP: 152/152 MP: 26/26
 23949 | Swamp:4  | Got a decaying rune of Zot
 24202 | Spider:1 | Entered Level 1 of the Spider Nest
 25172 | Spider:1 | Found a large runed translucent door.
 25172 | Spider:1 | Found a large runed translucent door.
 25175 | Spider:1 | Noticed cowcol's ghost (journeyman MiFi)
 25351 | Spider:2 | You are sucked into a shaft and drop 1 floor!
 25615 | Spider:3 | Noticed an acid blob
 25627 | Spider:3 | Killed an acid blob
 26151 | Spider:3 | Reached skill level 15 in Invocations
 26829 | Spider:3 | Identified the +4 chain mail of the Skies Above {rC+ rN+
                  | Will+++ SInv}
 27327 | Spider:2 | Noticed Hipugo's ghost (journeyman DgCj)
 27330 | Spider:2 | Found a runed translucent door.
 27444 | Spider:2 | Reached XP level 18. HP: 160/160 MP: 29/29
 27826 | Spider:2 | Killed Hipugo's ghost
 27883 | Spider:4 | Entered Level 4 of the Spider Nest
 28011 | Spider:4 | Noticed Asterion
 28035 | Spider:4 | Killed Asterion
 28557 | Spider:4 | Reached skill level 15 in Fighting
 28660 | Spider:4 | Got a gossamer rune of Zot
 28911 | Spider:4 | Reached skill level 15 in Shields
 29293 | Vaults:1 | Entered Level 1 of the Vaults
 29334 | Vaults:1 | Identified the amulet "Itocaf" {Faith rN+++ Str-5 Int+6
                  | Dex+3}
 29692 | Vaults:1 | Noticed Saint Roka
 29746 | Vaults:1 | Killed Saint Roka
 29840 | Vaults:1 | Reached XP level 19. HP: 120/172 MP: 30/30
 29967 | Vaults:1 | Got the Commentary on Calid Wounds
 30405 | Vaults:1 | Found Zebraguid's Distillery.
 30842 | Vaults:2 | Annihilated by a vault warden

Illustrated notes

Levels and vault maps discovered:
D:1:      dpeg_arrival_simpleton_c, layout_basic, ebering_ecumenical_altar_webs,
          minmay_heptomino_h4
D:2:      layout_loops_corners, basic_altar, kennysheep_generic_room_15
D:3:      minmay_razor_zed, layout_loops_ring, uniq_natasha
D:4:      layout_loops_ring, grunt_temple_overflow_diamond, uniq_ijyb,
          uniq_menkaure, uniq_sigmund
D:5:      nicolae_cairo_tiling_large, layout_basic, serial_shops, shop,
          minmay_small_thing
D:6:      layout_basic, supply_closet_lemuel, grunt_ministairs_9
D:7:      layout_rooms, minmay_temple_entry_poolview, minmay_increasing_density,
          uniq_maggie
D:8:      layout_loops_ring, nzn_hepliaklqana_mist_gate,
          nicolae_qazlal_eye_of_the_storm
D:9:      layout_rooms, minmay_orc_entry_temple_small
D:10:     layout_long_grid, mainiacjoe_overflow_24_doors, erik_lair_dragon,
          serial_bayou, serial_bayou_lagoon_b, serial_bayou_shore_b,
          serial_bayou_pond_a, serial_bayou_pond_c, kennysheep_path_1,
          uniq_sonja
D:11:     layout_rooms, serial_shops, shop, chequers_decorated_corner,
          uniq_erica
D:12:     layout_gridville, minmay_evil_grid
D:13:     thingy_vault, layout_long_grid, hangedman_vaults_entry_quadrant_bands
D:14:     lemuel_ogre_cave, layout_basic, small_chamber_with_monster,
          patterned_corridor
D:15:     gammafunk_enter_depths_forms, layout_irregular_city
Lair:1:   layout_regular_city, infiniplex_staircase_pool_2, uniq_urug,
          uniq_harold
Lair:2:   layout_chaotic_city, lemuel_fruit_fields, grunt_megastairs_4
Lair:3:   layout_hall_layers, swamp_mist_pool,
          nicolae_spider_entry_orb_guardian, serial_bayou, serial_bayou_lake_a,
          serial_bayou_shore_a, serial_bayou_shore_b, serial_bayou_shore_b,
          minivault_23, uniq_josephine, uniq_snorg
Lair:4:   layout_big_grid, gammafunk_ghost_ooze, grunt_megastairs_2,
          lemuel_fruit_tree
Lair:5:   hellmonk_lair_end_abyssal_woods, layout_concentric_octagons,
          slime_entry_1, grunt_megastairs_1
Swamp:1:  layout_basic_swamp, evilmike_swamp_ruin_house_2
Swamp:2:  layout_falls_marsh, evilmike_swamp_ruin_rubble_1, water_boxes_lemuel
Swamp:3:  layout_basic_swamp, nicolae_swamp_feature_on_the_river_bank,
          uniq_mlioglotl
Swamp:4:  swamp_basic_johnstein, layout_basic_swamp, infiniplex_staircase_pool
Spider:1: cheibrodos_forgotten_conduit, ebering_ghost_disaster_area
Spider:2: layout_cave_pods, hellmonk_ghost_happy_afterlife,
          hangedman_spider_tarantella_strand
Spider:3: layout_chambers, nicolae_spider_acid_house
Spider:4: grunt_spider_rune_parallel, uniq_asterion
Orc:1:    giant_chief_lemuel, layout_caves, serial_shops,
          nicolae_shop_tiny_real_fake_doors, roderic_batcave, uniq_erolcha
Orc:2:    pf_orc_diabolical, layout_caves, basic_altar, serial_shops, shop
Vaults:1: nicolae_vaults_three_branches, nicolae_vaults_storage_room_doors,
          vaults_mumra_hexcomb, nicolae_vaults_surprise_closet_hard,
          vaults_dpeg_emergency_exit, vaults_room_grunt_arrival_ludios,
          v_misc_23, nicolae_vaults_tangram_1, ontoclasm_vaults_eye,
          layout_vaults_big_room, serial_shops, shop, uniq_saint_roka
Vaults:2: nicolae_vaults_doubleplus_tesselated, nicolae_vaults_little_squares_2,
          nicolae_vaults_network_square, nicolae_vaults_yaktaur_gun_rack,
          nicolae_vaults_trapezoid_lopsided_2, hangedman_vaults_slice,
          nicolae_vaults_network_star, nicolae_vaults_closet_pinwheel_1,
          nicolae_vaults_house_3, dpeg_vaults_hating_casters,
          layout_vaults_maze_snakey, serial_shops,
          nicolae_shop_tiny_statue_garden

Skill      XL: |  1  2  3  4  5  6  7  8  9 10 11 12 13 14 15 16 17 18 19 |
---------------+----------------------------------------------------------+-----
Armour         | 4 5 9 10 12 13 14 15 16 17 | 17.6
Shields        | 4 5 8 11 13 14 16 17 | 17.2
Fighting       | 4 5 8 11 13 14 16 17 | 17.2
Polearms       | 3 4 6 9 12 14 | 14.0
Invocations    | 6 11 12 13 16 | 16.0
Evocations     | 5 6 8 9 |  9.0
Throwing       | 3 10 11 14 | 14.0
Dodging        | 3 7 8 |  8.0

Action                     |  1- 3 |  4- 6 |  7- 9 | 10-12 | 13-15 | 16-18 | 19-21 || total
---------------------------+-------+-------+-------+-------+-------+-------+-------++-------
  Melee: Trident           |   110 |   106 |   194 |       |       |       |       ||   410
         Headbutt          |    10 |    13 |    30 |   113 |   335 |   578 |    74 ||  1153
         Lance             |       |       |    36 |   616 |  1411 |  1960 |   208 ||  4231
  Throw: Dart              |       |     6 |       |       |    10 |       |       ||    16
         Boomerang         |       |       |       |       |    13 |    80 |       ||    93
         Javelin           |       |       |       |       |     3 |       |       ||     3
 Invoke: Cleansing Flame   |       |       |       |       |     4 |     5 |       ||     9
         Divine Shield     |       |       |       |       |     1 |       |       ||     1
         Summon Divine War |       |       |       |       |       |     3 |     1 ||     4
  Evoke: Wand              |       |       |     2 |     1 |       |       |       ||     3
    Use: Scroll            |       |     9 |     3 |     1 |    15 |     8 |     1 ||    37
         Potion            |       |       |     2 |       |     3 |     2 |     2 ||     9
   Stab: Held in net/web   |     1 |       |       |       |       |       |       ||     1
 Armour: Scale mail        |    28 |    18 |     8 |       |       |       |       ||    54
         Gold dragon scale |       |       |    40 |   139 |   372 |   744 |    55 ||  1350
  Dodge: Dodged            |    57 |    39 |    66 |   126 |   328 |   651 |    37 ||  1304
  Block: Buckler           |    29 |    20 |    29 |    91 |   287 |   182 |       ||   638
         Kite shield       |       |       |       |       |       |   805 |    95 ||   900
